 Dungeon Crawl Stone Soup version 0.23-a0-448-g1c01f63178 (webtiles) character file.

38 Ladeesh the Digger (level 3, -1/19 HPs)
             Began as a Gargoyle Earth Elementalist on Nov 20, 2018.
             Slain by a gnoll
             ... wielding a +2 flail of crushing
              (3 damage)
             ... on level 2 of the Dungeon.
             The game lasted 00:03:56 (1254 turns).

Ladeesh the Digger (Gargoyle Earth Elementalist)    Turns: 1254, Time: 00:03:59

Health: -1/19      AC:  5    Str: 11    XL:     3   Next: 43%
Magic:  0/7        EV: 12    Int: 16    God:
Gold:   105        SH:  0    Dex: 10    Spells: 3/7 levels left

rFire    + . .     SeeInvis .   e - +0 club
rCold    . . .     Gourm    .   (no shield)
rNeg     + + .     Faith    .   c - +0 robe
rPois    ∞         Spirit   .   (no helmet)
rElec    +         Reflect  .   (no cloak)
rCorr    .         Harm     .   (no gloves)
MR       .....                  (no boots)
Stlth    ++........             (no amulet)
HPRegen  0.06/turn              g - ring of positive energy
MPRegen  0.10/turn              j - ring of protection from fire

@: very slightly contaminated
A: negative energy resistance 1, electricity resistance, unbreathing,
petrification resistance, rot immunity, AC +3
a: no special abilities


You were on level 2 of the Dungeon.
You were hungry.

You visited 1 branch of the dungeon, and saw 2 of its levels.

You collected 105 gold pieces.

Inventory:

Hand Weapons
 e - a +0 club (weapon)
Missiles
 b - 98 stones (quivered)
Armour
 c - a +0 robe (worn)
Jewellery
 g - a ring of positive energy (left hand)
 j - a ring of protection from fire (right hand)
Scrolls
 a - a scroll of remove curse {unknown}
 h - 3 scrolls of identify {unknown}
 k - a scroll of teleportation {unknown}
 l - a scroll of amnesia {unknown}
Potions
 f - 2 potions of haste {unknown}
Comestibles
 d - 6 rations
 i - 4 chunks of flesh


   Skills:
 - Level 1.5 Dodging
 - Level 2.1 Stealth
 + Level 2.7 Spellcasting
 + Level 0.5 Conjurations
   Level 0.7 Transmutations
 + Level 4.4 Earth Magic


You had 3 spell levels left.
You knew the following spells:

 Your Spells              Type           Power        Failure   Level  Hunger
a - Sandblast             Erth           ###...       3%          1    #......
b - Stone Arrow           Conj/Erth      ##....       21%         3    ###....

Your spell library contained the following spells:

 Spells                   Type           Power        Failure   Level  Hunger
 Passwall                 Tmut/Erth      ##......     10%         2    ##.....
 Petrify                  Tmut/Erth      ##......     54%         4    #####..
 Lee's Rapid Deconstruct  Erth           ###.......   63%         5    ######.


Dungeon Overview and Level Annotations

Branches:
Dungeon (2/15)

Altars:
Ashenzari
The Shining One


Innate Abilities, Weirdness & Mutations

You are resistant to torment.
Your stone body is resilient. (AC +3)
You are immune to poison.
You resist negative energy. (rN+)
You are resistant to electric shocks. (rElec)
You can survive without breathing.
You are immune to petrification.
You are immune to rotting.


Message History

Aiming: Sandblast (safe; 3% risk of failure)
Press: ? - help, Shift-Dir - straight line, f/p - gnoll
Aim: a gnoll, wielding a +2 flail of crushing (heavily wounded)
You miscast Sandblast.
You are very lightly contaminated with residual magic.
Nothing appears to happen.
The gnoll hits you from afar with a +0 spear!
The gnoll barely misses you.
Casting: Sandblast (safe; 3% risk of failure)
Confirm with . or Enter, or press ? or * to list all spells.
Aiming: Sandblast (safe; 3% risk of failure)
Press: ? - help, Shift-Dir - straight line, f/p - gnoll
Aim: a gnoll, wielding a +2 flail of crushing (heavily wounded)
The blast of sand hits the gnoll.
The gnoll is almost dead.
b - 98 stones The gnoll hits you but does no damage.
The gnoll hits you with a +2 flail of crushing!
* * * LOW HITPOINT WARNING * * *
You die...

##. ######.#
#...w###...)..#
.._.ggg@.########
....#g##.........
. # #.).#####
#..<# #...#
##...## #.....#
#.###....##
#.........#


You could see a worm and 4 gnolls.

Vanquished Creatures
  An ooze (D:1)
  3 dart slugs (D:1)
  A leopard gecko (D:1)
  A ball python (D:1)
  5 bats (D:1)
  4 giant cockroaches (D:1)
  4 goblins
  2 hobgoblins (D:1)
  A kobold (D:1)
  4 rats (D:1)
26 creatures vanquished.

Notes
Turn   | Place    | Note
-------+----------+-------------------------------------------
     0 | D:1      | Ladeesh the Gargoyle Earth Elementalist began the quest for
                  | the Orb.
     0 | D:1      | Reached XP level 1. HP: 10/10 MP: 3/3
   107 | D:1      | Found a glowing golden altar of the Shining One.
   365 | D:1      | Reached skill level 4 in Earth Magic
   365 | D:1      | Reached XP level 2. HP: 15/15 MP: 5/5
   631 | D:1      | Reached XP level 3. HP: 8/19 MP: 2/6
   636 | D:1      | Learned a level 3 spell: Stone Arrow
  1245 | D:2      | Found a shattered altar of Ashenzari.
  1254 | D:2      | Slain by a gnoll

Vault maps used:
D:1:      minmay_arrival_stair_chambers, tso_metal_star
D:2:      nicolae_overflow_hidden_temple, lemuel_coloured_pillars_altar,
          nicolae_overflow_crystal_walls, uniq_crazy_yiuf_cottage

Skill      XL: |  1 |
---------------+----+-----
Earth Magic    | 4 |  4.4
Dodging        | |  1.5
Stealth        | |  2.1
Spellcasting   | |  2.7
Conjurations   | |  0.5
Transmutations | |  0.7

Action                   || total
-------------------------++-------
Melee: Club              ||    70
       Unarmed           ||     2
 Cast: Sandblast         ||    32
 Stab: Sleeping          ||     4
  Eat: Chunk             ||     1
Armor: Robe              ||    45
Dodge: Dodged            ||    82

Table legend:
 A = Non-vault XP
 B = Vault XP
 C = Vault XP percentage of total XP
 D = Non-vault monster count
 E = Vault monster count
 F = Vault count percentage of total count
                 A         B        C        D         E       F
            +---------+---------+-------+---------+---------+-------
      Total |      55 |       0 |   0.0 |      26 |       0 |   0.0
            +---------+---------+-------+---------+---------+-------
        D:1 |      51 |       0 |   0.0 |      24 |       0 |   0.0
        D:2 |       4 |       0 |   0.0 |       2 |       0 |   0.0
            +---------+---------+-------+---------+---------+-------
